 Dungeon Crawl Stone Soup version 0.27.1 (webtiles) character file.

Game seed: 15528713955323148759

55874 RandomHacker the Basher (level 12, -19/72 (77) HPs)
             Began as a Gargoyle Earth Elementalist on Aug 23, 2021.
             Was a High Priest of Ru.
             Demolished by Donald (21 damage)
             ... on level 1 of the Orcish Mines on Aug 24, 2021.
             The game lasted 02:24:54 (35631 turns).

RandomHacker the Basher (GrEE)                     Turns: 35631, Time: 02:24:54

HP:   -19/72 (77)   AC: 26    Str: 13    XL:     12   Next: 79%
MP:   3/18          EV: 12    Int: 26    God:    Ru [*****.]
Gold: 2045          SH:  0    Dex: 13    Spells: 8/19 levels left

rFire    + . .     SeeInvis .   w - +2 morningstar (holy)
rCold    . . .     Faith    .   (no shield)
rNeg     + + .     Spirit   .   A - +3 scale mail {rF+}
rPois    ∞         Reflect  .   E - +0 helmet
rElec    +         Harm     .   S - +0 cloak
rCorr    .         Rampage  +   (no gloves)
Will     .....                  M - +1 pair of boots {rampage}
Stlth    +.........             (no amulet)
HPRegen  0.22/turn              t - ring "Waev" {Wiz rF+ rN+ Dex+3}
MPRegen  0.16/turn              y - ring "Pyheg" {rElec rF- Int+6 Slay+2}

@: unable to read, drained
A: sickness immunity, AC +8, negative energy resistance 1, electricity
resistance, torment resistance 1, petrification resistance, inability to read
while threatened, hated by all, inexperienced 1
a: Renounce Religion, Draw Out Power, Power Leap, Apocalypse


You were on level 1 of the Orcish Mines.
You worshipped Ru.
Ru was extremely pleased with you.
You visited 4 branches of the dungeon, and saw 21 of its levels.
You also visited: Volcano.

You collected 2177 gold pieces.
You spent 132 gold pieces at shops.

Inventory:

Hand Weapons
 w - a +2 morningstar of holy wrath (weapon)
 G - a +3 great mace of flaming
Missiles
 c - 458 stones
 T - a throwing net
Armour
 A - a +3 scale mail of fire resistance (worn)
 E - a +0 helmet (worn)
 M - a +1 pair of boots of rampaging (worn)
 S - a +0 cloak (worn)
Magical Staves
 p - a staff of cold
Jewellery
 t - the ring "Waev" (left hand) {Wiz rF+ rN+ Dex+3}
   (You acquired it on level 4 of the Dungeon)

   [ring of wizardry]

   It improves your spell success rate.
   Dex:       It affects your dexterity (+3).
   rF:        It protects you from fire.
   rN:        It protects you from negative energy.
 y - the ring "Pyheg" (right hand) {rElec rF- Int+6 Slay+2}
   (You found it on level 5 of the Lair of Beasts)

   [ring of intelligence]

   Int:       It affects your intelligence (+6).
   Slay:      It affects your accuracy & damage with ranged weapons and melee
   (+2).
   rF:        It makes you vulnerable to fire.
   rElec:     It insulates you from electricity.
 W - a ring of resist corrosion
 X - a ring of ice
Wands
 x - a wand of acid (7)
 F - a wand of paralysis (14)
 I - a wand of flame (24)
 K - a wand of iceblast (15)
 Y - a wand of digging (4)
Scrolls
 i - 8 scrolls of teleportation
 j - a scroll of silence
 l - 2 scrolls of torment
 n - 6 scrolls of amnesia
 u - 2 scrolls of noise
 J - a scroll of holy word
 L - a scroll of magic mapping
 N - 2 scrolls of fog
 P - 3 scrolls of immolation {unknown}
 V - a scroll of fear {unknown}
Potions
 d - 3 potions of heal wounds
 e - 3 potions of flight
 g - 4 potions of haste
 h - a potion of berserk rage
 k - 2 potions of invisibility {unknown}
 v - 5 potions of might {unknown}
 z - 4 potions of brilliance {unknown}
 C - 2 potions of resistance
 D - a potion of mutation {unknown}
 H - 2 potions of attraction {unknown}
 O - 3 potions of curing
 U - 2 potions of lignification {unknown}
 Z - 2 potions of magic {unknown}


   Skills:
 + Level 10.2 Fighting
 * Level 13.0 Maces & Flails
 * Level 12.7 Armour
 + Level 8.3 Dodging
 - Level 2.1 Stealth
 - Level 4.0 Spellcasting
 - Level 6.0 Conjurations
 - Level 4.0 Translocations
 + Level 2.3 Transmutations
 - Level 7.0 Earth Magic
 + Level 7.7 Evocations


You had 8 spell levels left.
You knew the following spells:

 Your Spells              Type           Power      Damage    Failure   Level
a - Sandblast             Erth           82%        2d17      1%          1
b - Stone Arrow           Conj/Erth      78%        3d11      2%          3
c - Passwall              Tmut/Erth      24%        N/A       2%          2
d - Apportation           Tloc           52%        N/A       2%          1
e - Blink                 Tloc           N/A        N/A       3%          2
f - Wereblood             Tmut           17%        N/A       6%          2

Your spell library contained the following spells:

 Spells                   Type           Power      Damage    Failure   Level
 Beastly Appendage        Tmut           34%        N/A       4%          1
 Gell's Gravitas          Tloc           13%        N/A       6%          3
 Lesser Beckoning         Tloc           13%        N/A       6%          3
 Teleport Other           Tloc           26%        N/A       6%          3
 Conjure Flame            Conj/Fire      20%        6-21      10%         3
 Dazzling Flash           Conj/Hex       40%        N/A       10%         3
 Corona                   Hex            5%         N/A       11%         1
 Iskenderun's Mystic Bla  Conj/Tloc      31%        2d8       14%         4
 Petrify                  Tmut/Erth      29%        N/A       16%         4
 Spider Form              Tmut/Pois      5%         N/A       21%         3
 Ignite Poison            Fire/Tmut/Pois 9%         N/A       24%         3
 Sticky Flame             Conj/Fire      20%        2d4       30%         4
 Manifold Assault         Tloc           26%        N/A       47%         5
 Olgreb's Toxic Radiance  Pois           5%         N/A       69%         4
 Dispersal                Tloc           13%        N/A       95%         6
 Starburst                Conj/Fire      10%        6d5       99%         6
 Ozocubu's Refrigeration  Ice            2%         4d5       100%        7
 Ignition                 Fire           2%         3d3       100%        8
 Animate Skeleton         Necr           Unusable   N/A       N/A         1
 Summon Small Mammal      Summ           Unusable   N/A       N/A         1

Dungeon Overview and Level Annotations

Branches:
Dungeon (12/15)            Temple (1/1) D:7            Lair (6/6) D:10
 Shoals (0/4) Lair:4        Snake (0/4) Lair:4        Slime (0/5) Lair:5
    Orc (2/2) D:10        Volcano (visited)
    Elf: Orc:2

Altars:
Ashenzari
Cheibriados
Dithmenos
Elyvilon
Gozag
Hepliaklqana
Kikubaaqudgha
Makhleb
Nemelex Xobeh
Okawaru
Qazlal
Ru
Sif Muna
Trog
Vehumet
Wu Jian
Xom
Yredelemnul
Zin
The Shining One

Shops:
D:10 *   Orc:1 *   Orc:2 !

Annotations:
D:5 3 runed translucent doors, jujucrawl's ghost, novice MiFi
D:7 Joseph
D:9 2 runed translucent doors
D:10 2 runed translucent doors
D:12 Jorgrun; Kirke
Lair:1 exclusion: oklob plant
Orc:1 Donald


Innate Abilities, Weirdness & Mutations

You are immune to sickness and miasma.
Your stone body is resilient. (AC +8)
You are immune to poison.
You resist negative energy. (rN+)
You are resistant to electric shocks. (rElec)
You are resistant to unholy torment.
You are immune to petrification.
You sometimes lose the ability to read scrolls when taking damage.
You are hated by all.
You are somewhat inexperienced. (-2 XL)


Message History

Confirm with . or Enter, or press ? or * to list all spells.
Aiming: Apportation (safe; 2% risk of failure)
Press: ? - help, Dir - move target, f - Donald You don't see anything to apport there.
Casting: Apportation (safe; 2% risk of failure)
Confirm with . or Enter, or press ? or * to list all spells.
Aiming: Stone Arrow (mildly dangerous; 2% risk of failure)
Press: ? - help, Shift-Dir - straight line, f/p - Donald
Aim: Donald, wielding a +2 long sword of holy wrath, wearing a +0 chain mail and wearing a +0 kite shield of reflection (moderately wounded, fast, strong, 84% to hit)
The stone arrow hits Donald!
Donald is heavily wounded.
Casting: Stone Arrow (mildly dangerous; 2% risk of failure)
Confirm with . or Enter, or press ? or * to list all spells.
You blink.
Casting: Blink (safe; 3% risk of failure)
Confirm with . or Enter, or press ? or * to list all spells.
Aiming: Stone Arrow (mildly dangerous; 2% risk of failure)
Press: ? - help, Shift-Dir - straight line, f/p - Donald
Aim: Donald, wielding a +2 long sword of holy wrath, wearing a +0 chain mail and wearing a +0 kite shield of reflection (heavily wounded, fast, strong, 84% to hit)
Donald reflects the stone arrow off his +0 kite shield of reflection!
The stone arrow hits you!
You feel threatened and lose the ability to read scrolls!
Donald says, "Once, I gave up drinking for a week.
I hated that."
Donald hits you but does no damage.
Casting: Stone Arrow (mildly dangerous; 2% risk of failure)
Confirm with . or Enter, or press ? or * to list all spells.
You blink.
You can read scrolls again.
Donald says, "The people that built this place?
They must be crazy."
Donald hits you with a +2 long sword of holy wrath!
You feel threatened and lose the ability to read scrolls!
Casting: Blink (safe; 3% risk of failure)
Confirm with . or Enter, or press ? or * to list all spells.
You blink.
Donald says, "These orcs are so stupid, they must've eaten the rune."
Donald hits you with a +2 long sword of holy wrath!!
* * * LOW HITPOINT WARNING * * *
Donald is stunned by your conviction and fails to attack.
Donald hits you with a +2 long sword of holy wrath!!
You die...

##.####### #...##.#.##
#...#.....###
######..........##
##.##.##.#........#
#......##........##
##.##.##.....#..##
##.#.#.....#@..#
#.........>.@.##
##....#......##
#....#....### #.........#
##........##
####..........########
##.#............#...#.##
#.........##...........###
##.##.#..##.........#....##


You could see Donald (fast, strong).

Vanquished Creatures
  An orc warlord (D:10)
  Harold (Lair:2)
  8 hydras
  3 two-headed ogres
  An orc high priest (Orc:2)
  4 death yaks
  A fire crab (Lair:4)
  An orc knight (Orc:1)
  Pikel (D:10)
  A manticore (D:10)
  2 orc sorcerers (Orc:2)
  A salamander (Volcano)
  4 elephants
  A cyclops (D:11)
  A merfolk siren (Lair:4)
  4 black mambas (Lair:4)
  Maurice (D:8)
  A torpor snail (Lair:4)
  15 cane toads
  8 rime drakes
  6 komodo dragons
  A troll (shapeshifter) (D:9)
  6 polar bears
  A tyrant leech (shapeshifter) (D:9)
  2 hornets
  2 trolls
  5 slime creatures
  25 blink frogs
  7 dream sheep (Lair:6)
  A shadow (D:11)
  4 wyverns
  Sigmund (D:3)
  3 spriggans
  2 fire bats (Volcano)
  Eustachio (D:4)
  29 yaks
  Grum (D:10)
  6 basilisks
  2 steam dragons
  Menkaure (D:6)
  8 vampire mosquitoes
  2 wargs
  An acid dragon (D:10)
  5 hell hounds
  Duvessa (D:6)
  14 water moccasins
  5 black bears
  2 ice beasts (D:5)
  15 orc warriors
  6 ogres
  2 necrophages (D:5)
  13 wolves
  3 centaurs
  3 lemures (D:9)
  3 kobold brigands
  A phantom (D:7)
  13 bullfrogs
  2 gnoll sergeants
  A scorpion (D:6)
  A water moccasin zombie (D:5)
  Dowan (D:7)
  A wyvern skeleton (D:7)
  6 killer bees
  2 wights (D:5)
  3 howler monkeys
  7 electric eels
  A bullfrog zombie (D:5)
  A human zombie (D:5)
  6 centaur zombies
  5 jellies
  8 orc priests
  2 gnoll shamans
  A hound (D:6)
  3 iguanas
  Terence (D:2)
  2 scorpion zombies (D:5)
  Natasha (thrice) (D:4)
  11 orc wizards
  2 hound zombies (D:5)
  3 mummies (D:5)
  23 gnolls
  7 adders
  4 white imps
  A worm (D:3)
  4 dart slugs
  33 orcs
  7 endoplasms
  2 giant cockroaches
  7 goblins
  3 hobgoblins
  12 kobolds
  5 quokkas
  11 ball pythons
  6 bats
  2 frilled lizards
  3 rats
466 creatures vanquished.

Vanquished Creatures (others)
  Snorg (Orc:2)
  A black mamba (Lair:3)
  An orc warrior (Orc:1)
  An ogre (Orc:1)
  2 centaurs (Volcano)
  64 fungi
  148 plants
218 creatures vanquished.

Grand Total: 684 creatures vanquished

Notes
Turn   | Place    | Note
-------+----------+-------------------------------------------
     0 | D:1      | RandomHacker the Gargoyle Earth Elementalist began the
                  | quest for the Orb.
     0 | D:1      | Reached XP level 1. HP: 10/10 MP: 3/3
   194 | D:1      | Reached skill level 1 in Transmutations
   206 | D:1      | Reached XP level 2. HP: 16/16 MP: 0/5
   218 | D:1      | Reached skill level 1 in Fighting
   224 | D:1      | Learned a level 2 spell: Passwall
   735 | D:1      | Found a faded altar of an unknown god.
   793 | D:1      | Reached skill level 1 in Conjurations
   867 | D:1      | Reached XP level 3. HP: 18/20 MP: 6/6
  1952 | D:2      | Found a hazy altar of Hepliaklqana.
  1958 | D:2      | Reached XP level 4. HP: 25/25 MP: 7/7
  2368 | D:3      | Noticed Sigmund
  2416 | D:3      | Noticed Terence
  2431 | D:2      | Killed Terence
  2436 | D:2      | Learned a level 3 spell: Stone Arrow
  2863 | D:4      | Noticed Eustachio
  2921 | D:4      | Identified 2 scrolls of acquirement
  2921 | D:4      | Acquired the ring "Waev" {Wiz rF+ rN+ Dex+3}
  2923 | D:4      | Acquired 1025 gold pieces
  2961 | D:4      | Reached XP level 5. HP: 29/29 MP: 5/8
  3026 | D:4      | Reached skill level 5 in Earth Magic
  3202 | D:4      | Noticed Natasha
  3271 | D:5      | Entered Level 5 of the Dungeon
  3451 | D:5      | Noticed an orc warrior
  3452 | D:5      | Found a runed translucent gate.
  3452 | D:5      | Found a runed translucent gate.
  3452 | D:5      | Found a runed translucent gate.
  3453 | D:5      | Noticed jujucrawl's ghost (novice MiFi)
  3455 | D:5      | Noticed a black bear
  3770 | D:5      | Noticed an ice beast
  3793 | D:5      | Reached skill level 1 in Maces & Flails
  3827 | D:5      | Noticed a necrophage
  3842 | D:5      | Reached XP level 6. HP: 18/34 MP: 7/9
  4135 | D:5      | Reached skill level 2 in Maces & Flails
  4631 | D:6      | Found an ornate altar of the Wu Jian Council.
  4875 | D:6      | Noticed a steam dragon
  4885 | D:7      | Noticed a steam dragon
  4896 | D:6      | Killed a steam dragon
  4897 | D:6      | Reached skill level 3 in Maces & Flails
  4897 | D:6      | Reached XP level 7. HP: 22/40 MP: 1/10
  5050 | D:6      | Noticed Menkaure
  5442 | D:6      | Killed Menkaure
  5603 | D:6      | Reached skill level 4 in Maces & Flails
  5768 | D:6      | Reached XP level 8. HP: 40/46 MP: 12/12
  5941 | D:7      | Noticed Duvessa
  5941 | D:7      | Noticed Dowan
  6081 | D:6      | Reached skill level 5 in Maces & Flails
  6353 | D:7      | Killed Dowan
  6551 | D:6      | Killed Duvessa
  6981 | D:7      | Reached skill level 6 in Maces & Flails
  6981 | D:7      | Reached XP level 9. HP: 45/52 MP: 8/15
  6991 | D:7      | Reached skill level 1 in Armour
  7125 | D:7      | Found a staircase to the Ecumenical Temple.
  7137 | D:7      | Noticed Joseph
  7152 | Temple   | Entered the Ecumenical Temple
  7549 | Temple   | Became a worshipper of Ru the Awakened
  7983 | D:3      | Killed Sigmund
  7984 | D:3      | Reached skill level 1 in Evocations
  8369 | D:3      | Found a white marble altar of Elyvilon.
  9025 | D:4      | Killed Natasha
  9026 | D:4      | Reached skill level 5 in Fighting
  9150 | D:4      | Killed Eustachio
  9431 | D:4      | Noticed Natasha
  9436 | D:4      | Killed Natasha
  9555 | D:4      | Noticed Natasha
  9557 | D:4      | Killed Natasha
  9844 | D:5      | Found an ancient bone altar of Kikubaaqudgha.
  9858 | D:5      | Gained mutation: You are hated by all. [Ru sacrifice]
  9858 | D:5      | Reached * piety under Ru
  9858 | D:5      | Reached ** piety under Ru
 11083 | D:7      | Found a shadowy altar of Dithmenos.
 11225 | D:7      | Found a snail-covered altar of Cheibriados.
 11630 | D:7      | Identified the +5 long sword of Misery {vorpal, Will++
                  | Int+3 Stlth+}
 11868 | D:8      | Found a sparkling altar of Nemelex Xobeh.
 12012 | D:8      | Reached skill level 7 in Maces & Flails
 12014 | D:8      | Identified the +3 quarterstaff "Beetlebane" {venom, *Noise
                  | rC+ rN+++}
 12024 | D:8      | Reached skill level 5 in Conjurations
 12077 | D:8      | Reached XP level 10. HP: 60/60 MP: 3/16
 12431 | D:8      | Noticed Maurice
 12443 | D:8      | Killed Maurice
 12957 | D:8      | Found an opulent altar of Gozag.
 13233 | D:9      | Noticed Pikel
 13400 | D:9      | Found a stormy altar of Qazlal.
 13432 | D:9      | Reached skill level 5 in Armour
 13432 | D:9      | Reached skill level 5 in Dodging
 13972 | D:9      | Reached skill level 8 in Maces & Flails
 14169 | D:9      | Found a large runed translucent door.
 14170 | D:9      | Found a large runed translucent door.
 14293 | D:9      | Gained mutation: You are somewhat inexperienced. (-2 XL)
                  | [Ru sacrifice]
 14293 | D:9      | Reached XP level 9. HP: 55/55 MP: 15/15
 14293 | D:9      | Reached XP level 8. HP: 51/51 MP: 14/14
 14293 | D:9      | Reached *** piety under Ru
 14335 | D:9      | Noticed a two-headed ogre
 14346 | D:9      | Noticed a black mamba
 14346 | D:9      | a meliai changed into a black mamba
 14355 | D:9      | a black mamba changed into a troll
 15087 | D:10     | Entered Level 10 of the Dungeon
 15329 | D:10     | Reached XP level 9. HP: 44/55 MP: 7/15
 15619 | D:10     | Killed Pikel
 15631 | D:10     | Noticed Grum
 15655 | D:10     | Killed Grum
 15879 | D:10     | Noticed a manticore
 15883 | D:10     | Killed a manticore
 16026 | D:10     | Noticed a two-headed ogre
 16032 | D:10     | Killed a two-headed ogre
 16033 | D:10     | Reached skill level 9 in Maces & Flails
 16164 | D:10     | Found Fojeus's General Store.
 16284 | D:10     | Found a staircase to the Orcish Mines.
 16372 | D:10     | Found a radiant altar of Vehumet.
 16479 | D:10     | Found a runed translucent door.
 17301 | D:10     | Found a staircase to the Lair.
 17353 | Lair:1   | Entered Level 1 of the Lair of Beasts
 17499 | Lair:1   | Noticed a five-headed hydra
 17631 | D:10     | Found a runed translucent door.
 17631 | D:10     | Noticed a deep elf pyromancer
 18286 | D:10     | Killed a two-headed ogre
 18431 | D:11     | Learned a level 1 spell: Apportation
 18434 | D:11     | Learned a level 2 spell: Blink
 18447 | D:11     | Reached XP level 10. HP: 63/63 MP: 3/16
 18677 | D:11     | Identified the +1 leather armour "Ysosi" {rF+}
 18929 | D:11     | Reached skill level 5 in Evocations
 19375 | D:12     | Noticed Kirke
 19420 | D:12     | Noticed Jorgrun
 19421 | D:12     | HP: 2/63 [Jorgrun/iron shot (40)]
 19923 | Lair:1   | Killed a five-headed hydra
 19924 | Lair:1   | Reached skill level 10 in Maces & Flails
 19924 | Lair:1   | Reached skill level 1 in Translocations
 20487 | Lair:1   | Noticed a six-headed hydra
 20496 | Lair:1   | Killed a six-headed hydra
 20557 | Lair:1   | Noticed an eight-headed hydra
 20568 | Lair:1   | Killed an eight-headed hydra
 21344 | Lair:1   | Noticed a four-headed hydra
 21350 | Lair:1   | Killed a four-headed hydra
 22119 | Lair:2   | Noticed Harold
 22427 | Lair:2   | Killed Harold
 22428 | Lair:2   | Reached skill level 10 in Armour
 22823 | Lair:2   | Reached skill level 11 in Maces & Flails
 23148 | Lair:2   | Reached XP level 11. HP: 62/69 MP: 11/17
 26691 | Lair:4   | Found a staircase to the Snake Pit.
 28528 | Lair:4   | Reached skill level 12 in Maces & Flails
 28641 | Lair:4   | Found a staircase to the Shoals.
 29258 | Lair:4   | Reached XP level 12. HP: 76/76 MP: 11/18
 29705 | Lair:4   | Gained mutation: You sometimes lose the ability to read
                  | scrolls when taking damage. [Ru sacrifice]
 29705 | Lair:4   | Reached **** piety under Ru
 29705 | Lair:4   | Reached ***** piety under Ru
 30684 | Lair:5   | Found a staircase to the Slime Pits.
 30760 | Lair:5   | Found a dark tunnel.
 30775 | Volcano  | Entered a volcano
 31372 | Lair:5   | Learned a level 2 spell: Wereblood
 31883 | Lair:5   | Identified the ring "Pyheg" {rElec rF- Int+6 Slay+2}
 32076 | Lair:6   | Entered Level 6 of the Lair of Beasts
 32720 | Lair:6   | Reached skill level 10 in Fighting
 33512 | Orc:1    | Entered Level 1 of the Orcish Mines
 33529 | Orc:2    | Entered Level 2 of the Orcish Mines
 33529 | Orc:2    | Found Utar's Distillery.
 33831 | Orc:1    | Noticed an orc warlord
 34495 | D:10     | Killed an orc warlord
 34611 | Orc:1    | Found Jurikufyh's General Store.
 34692 | Orc:1    | Bought a scroll of identify for 22 gold pieces
 34693 | Orc:1    | Bought a potion of haste for 110 gold pieces
 35168 | Orc:2    | Noticed Snorg
 35168 | Orc:2    | Noticed Donald
 35190 | Orc:2    | Killed Snorg
 35320 | Orc:2    | Reached skill level 13 in Maces & Flails
 35629 | Orc:1    | HP: 2/72 [Donald (31)]
 35631 | Orc:1    | Demolished by Donald

Illustrated notes

Levels and vault maps discovered:
D:1:      saegor_arrival_simple_d, layout_basic, serial_rivers,
          chequers_serial_rivers_small_3, chequers_serial_rivers_large_b,
          chequers_serial_rivers_micro_a, chequers_serial_rivers_room_b,
          ebering_ecumenical_altar_abandoned
D:2:      layout_loops_ring, basic_altar
D:3:      layout_basic, nicolae_elyvilon_peaceful_grove, minmay_door_square,
          grunt_ministairs_13, uniq_terence, uniq_sigmund
D:4:      layout_loops_ring, uniq_eustachio, uniq_natasha
D:5:      layout_basic, lemuel_mausoleum_altar_kikubaaqudgha,
          gammafunk_ghost_split, chequers_garden
D:6:      layout_layer_cave, pdpol_wu_jian_five_deadly_venoms, uniq_menkaure
D:7:      layout_cave_pods, mainiacjoe_overflow_cross_hatched,
          cheibriados_altar_1, minmay_temple_entry_arrows,
          kennysheep_small_spiral, uniq_joseph, uniq_duvessa
D:8:      layout_loops_ring, nemelex_diamond_rough_becter, old_standard_altar,
          uniq_maurice
D:9:      layout_loops_corners, grunt_qazlal_sundering, jmf_multi_god_temple2,
          grunt_tough_drop, uniq_pikel
D:10:     cheibrodos_histonic, layout_loops_ring, mainiacjoe_overflow_alcove_4,
          david_lair_generic, orc_0_dummy, serial_shops, nicolae_shop_crystal,
          uniq_grum
D:11:     layout_basic
D:12:     layout_rooms, portal_ice_cave_entry_imps, uniq_kirke, uniq_jorgrun
Temple:   minmay_temple_curvy_loop
Lair:1:   layout_chaotic_city, lemuel_fruit_fields, grunt_megastairs_1,
          serial_bayou_shore_a, minmay_lair_oklob_chamber
Lair:2:   layout_loops_ring, uniq_harold
Lair:3:   layout_gridlike, serial_bayou, serial_bayou_lagoon_b,
          serial_bayou_ford_a, serial_bayou_shore_b, serial_bayou_pond_a
Lair:4:   nzn_winding_woodlands_cross [nzn_winding_woodlands_5x15_cabin,
          nzn_winding_woodlands_5x15_zeroes,
          nzn_winding_woodlands_5x15_sidewinder,
          nzn_winding_woodlands_5x15_crooked,
          nzn_winding_woodlands_15x15_five_gardens], layout_gridlike,
          minmay_shoals_entry_lonely_mermaid
Lair:5:   layout_long_grid, minmay_slime_entry_pillars, enter_volcano_3
Lair:6:   minmay_lair_end_enchanted_forest, layout_cave_pods,
          chequers_serial_rivers_room_a, serial_bayou_shore_b
Orc:1:    layout_caves, ebering_ghost_reflecting_pool, serial_shops, shop
Orc:2:    grunt_orc_gardens, layout_diamond_mine, grunt_orc_garden,
          grunt_orc_garden, grunt_orc_garden, grunt_orc_garden, serial_shops,
          nicolae_shop_competitors_out_of_business, uniq_donald, uniq_snorg

Skill      XL: |  1  2  3  4  5  6  7  8  9 10 11 12 |
---------------+-------------------------------------+-----
Earth Magic    | 4 5 7 |  7.0
Transmutations | 1 2 |  2.3
Fighting       | 1 2 3 4 7 8 9 10 | 10.2
Conjurations   | 1 2 3 4 6 |  6.0
Dodging        | 2 3 4 6 5 7 8 |  8.3
Maces & Flails | 1 3 4 6 9 11 12 13 | 13.0
Spellcasting   | 3 4 |  4.0
Armour         | 6 8 10 11 12 | 12.7
Evocations     | 4 5 6 7 |  7.7
Translocations | 3 4 |  4.0
Stealth        | |  2.1

Action                   |  1- 3 |  4- 6 |  7- 9 | 10-12 || total
-------------------------+-------+-------+-------+-------++-------
Melee: Unarmed           |     1 |       |       |       ||     1
       Dagger            |    96 |    51 |       |       ||   147
       Flail             |       |    28 |   392 |    71 ||   491
       Morningstar       |       |       |       |   632 ||   632
 Cast: Sandblast         |    18 |    28 |    51 |    41 ||   138
       Stone Arrow       |       |     5 |   178 |   392 ||   575
       Blink             |       |       |       |    14 ||    14
       Wereblood         |       |       |       |     1 ||     1
Invok: Sacrifice Experie |       |       |     1 |       ||     1
       Sacrifice Love    |       |       |     1 |       ||     1
       Reject Sacrifices |       |       |       |     2 ||     2
       Apocalypse        |       |       |       |     2 ||     2
       Power Leap        |       |       |       |     1 ||     1
       Sacrifice Words   |       |       |       |     1 ||     1
Evoke: Wand              |       |       |     3 |    19 ||    22
  Use: Scroll            |       |     4 |     4 |    16 ||    24
       Potion            |       |       |       |     2 ||     2
 Stab: Sleeping          |     1 |     4 |       |       ||     5
       Invisible         |       |       |     2 |     3 ||     5
       Distracted        |       |       |     1 |     3 ||     4
       Petrifying        |       |       |     1 |       ||     1
       Paralysed         |       |       |       |    15 ||    15
Armor: Robe              |    44 |    22 |    24 |       ||    90
       Scale mail        |       |       |   204 |   475 ||   679
Dodge: Dodged            |    82 |    54 |   210 |   454 ||   800
